 Dungeon Crawl Stone Soup version 0.20.1-1-g8b1a95d (webtiles) character file.

628775 Ladykiller69 the Warrior (level 27, -5/226 HPs)
             Began as a Formicid Skald on Aug 13, 2017.
             Was the Champion of Cheibriados.
             Killed by Shatter
             ... invoked by Jorgrun
              (103 damage)
             ... on level 5 of the Depths on Aug 15, 2017.
             The game lasted 05:42:48 (54558 turns).

Ladykiller69 the Warrior (Formicid Skald)          Turns: 54558, Time: 05:42:50

Health: -5/226     AC: 35    Str: 40    XL:     27
Magic:  38/38      EV:  2    Int: 32    God:    Cheibriados [******]
Gold:   5854       SH:  0    Dex: 25    Spells: 28/48 levels left

rFire    + + +     SeeInvis +   H - +2 battleaxe (vamp)
rCold    + + .     Gourm    .   F - +0 large shield
rNeg     + + +     Faith    .   L - +8 gold dragon scales
rPois    ∞         Spirit   .   (helmet unavailable)
rElec    .         Reflect  .   g - scarf {rC+ rF+}
rCorr    +         Harm     .   o - +2 pair of gloves of the Many Souls {*Contam +Fly rF+ Stlth+}
MR       ++...                  X - +1 pair of boots
Stlth    ..........             R - amulet of regeneration
Regen    0.9/turn               K - ring of poison resistance
MPRegen  0.3/turn               M - ring of resist corrosion

@: petrified, very slow
A: permanent stasis, dig shafts and tunnels, four strong arms, antennae 3
}: 3/15 runes: decaying, serpentine, silver
a: Dig, Shaft Self, Bend Time, Temporal Distortion, Slouch, Step From Time,
Renounce Religion, Evoke Flight


You were on level 5 of the Depths.
You worshipped Cheibriados.
Cheibriados was exalted by your worship.
You were hungry.

You visited 10 branches of the dungeon, and saw 48 of its levels.
You visited the Abyss 2 times.
You also visited: Ice Cave and Wizlab.

You collected 7678 gold pieces.
You spent 1824 gold pieces at shops.

Inventory:

Hand Weapons
 a - a +5 battleaxe of electrocution
 w - a +3 triple crossbow of freezing
 H - a +2 vampiric battleaxe (weapon)
Missiles
 x - 2634 bolts
Armour
 g - a scarf of resistance (worn)
 o - the +2 pair of gloves of the Many Souls (worn) {*Contam +Fly rF+ Stlth+}
   (You found it on level 3 of the Elven Halls)

   It protects you from fire.
   It lets you fly.
   It causes magical contamination when unequipped.
   It makes you more stealthy.
 F - a +0 large shield (worn)
 L - +8 gold dragon scales (worn)
 V - the +7 plate armour "Xozy" {*Drain rC+ Regen+ Str+8}
   (You bought it in a shop on level 2 of the Orcish Mines)

   It affects your strength (+8).
   It protects you from cold.
   It increases your rate of regeneration.
   It causes draining when unequipped.
 X - a +1 pair of boots (worn)
Jewellery
 c - an uncursed ring of wizardry
 G - the amulet of Xossot {RegenMP MP+9 Str+4 Int-4}
   (You took it off a vault warden on level 5 of the Vaults)

   [amulet of magic regeneration]

   It increases your magic regeneration.
   It affects your strength (+4).
   It affects your intelligence (-4).
   It affects your magic capacity (+9).
 K - a ring of poison resistance (left hand)
 M - a ring of resist corrosion (right hand)
 P - an uncursed ring of positive energy
 R - an amulet of regeneration (around neck)
 T - the amulet "Dautov" {Inacc rElec Str-4 Int+6}
   (You found it on level 5 of the Vaults)

   [amulet of inaccuracy]

   It reduces the accuracy of all your attacks.
   It affects your strength (-4).
   It affects your intelligence (+6).
   It insulates you from electricity.
 Y - an uncursed ring of protection from cold
Wands
 f - a wand of digging (10/24)
Scrolls
 e - 4 scrolls of fear
 i - 2 scrolls of silence
 k - 7 scrolls of fog
 l - 15 scrolls of remove curse
 t - a scroll of amnesia
 v - 2 scrolls of torment
 y - 12 scrolls of magic mapping
 B - 2 scrolls of holy word
 D - 7 scrolls of identify
 Q - a scroll of brand weapon
 S - 3 scrolls of summoning
 W - 10 scrolls of recharging
Potions
 b - 6 potions of might
 j - 4 potions of mutation
 q - a potion of magic
 r - 15 potions of curing
 s - 2 potions of resistance
 u - 8 potions of brilliance
 z - 2 potions of heal wounds
 A - a potion of invisibility
 C - a potion of cancellation
 E - 2 potions of lignification
 I - 6 potions of agility
 O - 5 potions of ambrosia
Miscellaneous
 n - 4 phantom mirrors
 J - a lamp of fire
 N - a fan of gales
 U - a lightning rod (4/4)
 Z - 2 boxes of beasts
Comestibles
 d - 29 bread rations
 h - 18 royal jellies
 m - 52 fruits
 p - 24 meat rations


   Skills:
 + Level 20.5 Fighting
 - Level 20.0 Axes
 * Level 19.0 Crossbows
 + Level 17.2 Armour
 + Level 14.8 Dodging
 - Level 15.0 Shields
 - Level 11.0 Spellcasting
 - Level 7.6 Hexes
 + Level 10.3 Charms
 * Level 13.8 Necromancy
 - Level 8.1 Translocations
 - Level 13.0 Invocations
 + Level 14.2 Evocations


You had 28 spell levels left.
You knew the following spells:

 Your Spells              Type           Power        Failure   Level  Hunger
a - Control Undead        Necr           #######...   1%          4    None
b - Shroud of Golubria    Chrm/Tloc      ######....   1%          2    None
c - Spectral Weapon       Hex/Chrm       ######..     1%          3    None
d - Regeneration          Chrm/Necr      #######...   1%          3    None
e - Passage of Golubria   Tloc           N/A          7%          4    None
f - Portal Projectile     Hex/Tloc       ######       2%          3    None
g - Apportation           Tloc           ######       1%          1    None


Dungeon Overview and Level Annotations

Branches:
Dungeon (15/15)            Temple (1/1) D:5            Lair (6/6) D:8
  Swamp (4/4) Lair:2        Snake (4/4) Lair:2        Slime (0/5) Lair:6
    Orc (2/2) D:9             Elf (3/3) Orc:2        Vaults (5/5) D:13
  Crypt (3/3) Vaults:2       Tomb (0/3) Crypt:3      Depths (5/5) D:15
    Zot: Depths:5

Altars:
Ashenzari
Cheibriados
Dithmenos
Elyvilon
Fedhas
Gozag
Hepliaklqana
Kikubaaqudgha
Makhleb
Nemelex Xobeh
Okawaru
Qazlal
Ru
Sif Muna
Trog
Uskayaw
Vehumet
Xom
Yredelemnul
Zin
The Shining One
Beogh

Shops:
D:11 *   D:14 }[!}   Orc:1 (*[!   Orc:2 [([*:   Elf:1 *   Elf:2 %(*   Snake:2 (
Snake:3 *

Portals:
Hell: Depths:1 Depths:2 Depths:3 Depths:4 Depths:5
Abyss: Depths:2 Depths:4 Depths:5
Pandemonium: Depths:3 Depths:4
Ziggurat: Depths:4
Trove: Depths:4 (give +2 gold dragon scales)

Annotations:
D:5 4 exclusions
D:15 exclusion: Roxanne, Roxanne
Lair:4 exclusions: oklob plant and 3 more exclusions
Depths:5 Jorgrun


Innate Abilities, Weirdness & Mutations

You cannot be hasted, slowed, berserked, paralysed or teleported.
You can dig through walls and to a lower floor.
Your four strong arms can wield two-handed weapons with a shield.
You have a pair of large antennae on your head. (SInv)


Message History

The dungeon rumbles around Jorgrun!
You shudder from the earth-shattering force.
A door shatters!
Ka-crash!
Your limbs are stiffening.
Jorgrun barely misses you.
You have turned to stone.
Jorgrun gestures at you while chanting. You resist with almost no effort.
Jorgrun hits you with a quarterstaff of crushing!
Your shroud falls apart!
Jorgrun mumbles some strange words.
The dungeon rumbles around Jorgrun!
You shudder from the earth-shattering force.
Ka-crash!
You hear a shout! x2; You hear a deafening roar!
Jorgrun hits you with a quarterstaff of crushing!
Jorgrun hits you but does no damage.
Jorgrun mumbles some strange words.
The dungeon rumbles around Jorgrun!
You shudder from the earth-shattering force.
You die...

..##..# .##
....... ...
#......## #.#
#........ #.#
........###.#
....... #.# ##.g.#
#.# #...@###.###
####.......#
#.#...#.####
...........#
#......#.##.#
#....##...#<.#
......#...#######
......#.#.......#
#.#
.......#.#######.#


You could see Jorgrun.

Vanquished Creatures
  An ancient lich (Vaults:5)
  Mara (Elf:3)
  Bai Suzhen (Snake:4)
  the Lernaean hydra (Swamp:4)
  5 caustic shrikes (Depths:4)
  Frederick (Vaults:5)
  The ghost of manyhoops the Slayer, an adept MiBe of Trog (Vaults:4)
  3 golden dragons (Depths:4)
  Jory (Crypt:3)
  A Hellbinder (WizLab)
  2 liches (Depths:4)
  2 bone dragons
  2 deep elf blademasters
  2 quicksilver dragons
  5 titans
  3 tentacled monstrosities (Vaults:5)
  3 deep elf master archers (Elf:3)
  5 sphinxes
  2 ancient champions
  2 thorn hunters
  5 tengu reavers
  Frances (Elf:1)
  Kirke (D:15)
  Donald (Elf:1)
  5 storm dragons
  7 shadow dragons
  A draconian scorcher (Depths:5)
  12 deep elf sorcerers
  13 frost giants
  An azure jelly (shapeshifter) (Vaults:5)
  10 nagarajas
  The ghost of Mesmaeker13 the Imperceptible, an adept SpAs of Kikubaaqudgha (Vaults:2)
  4 iron dragons
  16 fire giants
  A balrug (WizLab)
  A cacodemon (WizLab)
  Louise (Snake:4)
  19 vault wardens
  2 orc warlords (Orc:2)
  Aizul (Snake:1)
  A caustic shrike zombie (Crypt:3)
  A curse skull (Crypt:2)
  15 ironheart preservers
  30 very ugly things
  3 spriggan defenders
  3 ghouls
  A caustic shrike skeleton (Crypt:1)
  2 deep elf elementalists
  4 reapers
  18 vampire knights
  22 stone giants
  9 deep elf demonologists
  2 entropy weavers
  A black draconian (Depths:5)
  A green draconian (Depths:5)
  A purple draconian (Depths:5)
  13 deep elf annihilators
  Azrael (D:15)
  A red draconian (Depths:5)
  A yellow draconian (Depths:5)
  A white draconian (Depths:5)
  7 spark wasps
  A crystal guardian (Vaults:5)
  A merfolk javelineer (Depths:3)
  8 deep elf death magi
  16 ettins
  4 eidola
  A minotaur (shapeshifter) (Vaults:1)
  12 deep elf high priests
  17 fire dragons
  20 jiangshi
  21 yaktaur captains
  A hydra (shapeshifter) (D:15)
  9 great orbs of eyes
  An ice dragon (shapeshifter) (Vaults:3)
  11 ogre magi
  A merfolk avatar (Lair:6)
  The ghost of LittleStrapony the Protected, a journeyman FoFi of Makhleb (Lair:1)
  Harold (Lair:4)
  6 rakshasas
  14 naga warriors
  24 hydras
  20 anacondas
  2 spriggan air magi
  10 ice dragons
  An anaconda (shapeshifter) (Depths:3)
  3 ghost crabs
  2 hell beasts
  37 vault guards
  10 death knights
  11 centaur warriors
  16 alligators
  An alligator (shapeshifter) (D:15)
  16 deep troll shamans
  28 two-headed ogres
  41 dancing weapons
  16 vampire magi
  11 deep troll earth magi
  4 orc high priests
  9 tengu warriors
  A thrashing horror (Abyss:2)
  10 spriggan berserkers
  12 shock serpents
  4 soul eaters
  18 naga sharpshooters
  Urug (D:15)
  2 titan zombies
  33 deep elf knights
  2 sun demons (WizLab)
  10 large abominations
  2 storm dragon zombies (Crypt:3)
  A sixfirhy (Abyss:2)
  5 shadow wraiths
  8 iron trolls
  A sea snake (Lair:6)
  28 skeletal warriors
  16 hell knights
  3 glowing orange brains
  2 golden dragon zombies (Crypt:3)
  2 wretched stars (Abyss:2)
  An anaconda zombie (Crypt:3)
  A shadow demon (Abyss:2)
  A spriggan druid (Swamp:2)
  3 salamander mystics
  An entropy weaver zombie (Crypt:1)
  A shambling mangrove (Swamp:4)
  10 naga ritualists
  An unseen horror (shapeshifter) (Vaults:1)
  7 flayed ghosts
  34 deep trolls
  A ghost moth zombie (Crypt:1)
  4 unseen horrors
  6 wizards
  Pikel (D:9)
  A spatial maelstrom (Abyss:2)
  18 deep elf archers
  9 swamp dragons
  17 phantasmal warriors
  A harpy (Vaults:1)
  13 ironbrand convokers
  7 necromancers
  6 wolf spiders
  21 orc knights
  4 wolf spider zombies
  6 mana vipers
  An iron dragon zombie (Crypt:1)
  7 cyclopes
  3 stone giant zombies
  An orb spider (shapeshifter) (Depths:4)
  46 ugly things
  A fire giant zombie (Crypt:3)
  A frost giant zombie (Crypt:3)
  A shadow dragon skeleton (Crypt:1)
  2 moths of wrath (shapeshifter)
  10 orc sorcerers
  76 deep elf magi
  A salamander (shapeshifter) (Vaults:3)
  3 manticores
  Maurice (D:10)
  2 dire elephant zombies (Crypt:3)
  43 black mambas
  13 salamanders
  A worldbinder (Abyss:2)
  2 black mambas (shapeshifter)
  20 vault sentinels
  19 elephants
  A rust devil (Depths:2)
  2 smoke demons (Abyss:2)
  4 gargoyles
  26 naga magi
  A torpor snail (Lair:3)
  21 guardian serpents
  A storm dragon simulacrum (Depths:2)
  2 hellions
  16 spiny frogs
  2 orange demons (WizLab)
  3 kobold demonologists
  A sea snake zombie (Crypt:1)
  4 rime drakes
  A dire elephant skeleton (Crypt:3)
  A rime drake (shapeshifter) (Vaults:1)
  An emperor scorpion zombie (Crypt:3)
  An ancient zyme (Abyss:2)
  13 komodo dragons
  81 yaktaurs
  2 redback zombies
  12 freezing wraiths
  A hydra zombie (Crypt:1)
  9 small abominations
  3 ice devils (WizLab)
  A hellwing (Depths:3)
  7 tengu conjurers
  17 polar bears
  A meliai (shapeshifter) (Vaults:3)
  4 tyrant leeches
  2 catoblepas skeletons
  2 red devils
  27 hornets
  19 trolls
  A wind drake (Lair:6)
  Prince Ribbit (Lair:2)
  2 raiju (shapeshifter)
  18 bog bodies
  2 harpy skeletons (Crypt:1)
  24 blink frogs
  A snapping turtle (shapeshifter) (Elf:2)
  11 hippogriffs
  5 raiju (Abyss:2)
  An alligator zombie (Crypt:2)
  A frost giant simulacrum (Depths:2)
  10 dream sheep
  42 slime creatures
  A fire giant simulacrum (Crypt:3)
  A meliai zombie (Crypt:1)
  The ghost of Monsterracer the Bolt Thrower, an amateur KoHu (D:3)
  An ettin skeleton (Crypt:1)
  Sigmund (D:2)
  7 air elementals
  4 shadows
  A redback (shapeshifter) (Depths:4)
  4 redbacks
  14 spriggans
  4 ynoxinuls
  7 flying skulls
  2 fire dragon skeletons
  49 yaks
  20 vampires
  3 basilisks
  4 water elementals
  10 wraiths
  4 fire elementals
  5 hogs (D:15)
  A human (D:13)
  5 wyverns
  2 chaos spawn (Abyss:2)
  A human simulacrum (Vaults:1)
  A hungry ghost (D:14)
  3 neqoxecs (Abyss:2)
  32 vampire mosquitoes
  A monstrous demonspawn zombie (Crypt:3)
  2 steam dragons
  13 insubstantial wisps
  A merfolk zombie (Crypt:3)
  65 nagas
  28 swamp worms
  5 wargs
  2 spatial vortices (Abyss:2)
  An acid dragon (D:13)
  14 water moccasins
  A floating eye (Depths:2)
  2 hell hounds (D:15)
  2 gelid demonspawn skeletons
  12 porcupines
  An eye of draining (shapeshifter) (Elf:3)
  2 hornet zombies (Crypt:1)
  2 black bears
  74 orc warriors
  4 ice beasts
  13 swamp drakes
  3 sky beasts
  A water nymph skeleton (Crypt:3)
  4 necrophages
  2 ettin simulacra
  An eye of draining (D:11)
  3 phantoms
  A dream sheep zombie (Crypt:2)
  21 ogres
  3 snapping turtle zombies
  23 wolves
  4 boggarts
  16 centaurs
  A swamp dragon zombie (Crypt:3)
  14 crocodiles
  12 bullfrogs
  An octopode zombie (Crypt:3)
  7 big kobolds
  A gnoll sergeant (D:7)
  2 wyvern zombies
  3 earth elementals
  A deep troll simulacrum (Vaults:1)
  7 scorpions
  2 wyvern skeletons
  A shapeshifter zombie (Crypt:1)
  28 killer bees
  11 wights
  A howler monkey (D:8)
  An electric eel (Lair:2)
  A raiju skeleton (Crypt:3)
  12 crimson imps
  A wolf skeleton (Crypt:1)
  4 bullfrog zombies
  A quasit (Abyss:2)
  7 centaur zombies
  An iron imp (Abyss:2)
  A black bear zombie (Crypt:2)
  9 starcursed masses (Abyss:2)
  4 hounds
  10 jellies
  8 centaur skeletons
  33 orc priests
  5 iguanas
  2 bullfrog skeletons
  5 worker ants
  45 orc wizards
  A worker ant (shapeshifter) (Depths:3)
  A demigod zombie (Crypt:1)
  A naga zombie (Crypt:3)
  2 ogre skeletons (Crypt:2)
  A hound zombie (D:10)
  A hound skeleton (D:8)
  A howler monkey zombie (D:5)
  4 gnolls (D:7)
  16 adders
  6 shadow imps
  A white imp (Depths:4)
  An ufetubus (Abyss:2)
  8 oozes
  An adder zombie (Crypt:1)
  2 adder skeletons (D:4)
  2 worms (D:2)
  The ghost of dscm the Skirmisher, a weakling DrWn (D:4)
  A dart slug (D:1)
  4 leopard geckos
  135 orcs
  2 ball pythons
  2 bats (D:1)
  4 giant cockroaches
  5 goblins
  2 hobgoblins
  22 jackals
  30 kobolds
  4 quokkas
  A leopard gecko skeleton (D:5)
  A leopard gecko zombie (Crypt:2)
  10 rats
  8 briar patches (Swamp:1)
  2 crawling corpses
  3 fungi
  A macabre mass (Depths:4)
  3 plants
  A spectral weapon (Depths:4)
2739 creatures vanquished.

Vanquished Creatures (collateral kills)
  A queen bee (Lair:2)
  An orc warrior (Orc:2)
  3 plants
5 creatures vanquished.

Vanquished Creatures (others)
  A draconian knight (Depths:5)
  An ettin (Depths:4)
  A dancing weapon (Elf:3)
  2 deep elf knights
  A yaktaur (Vaults:2)
  A human (D:15)
  2 slaves (D:9)
  An ogre (Vaults:2)
  2 orcs (Vaults:1)
  18 fungi
  A lurking horror (Abyss:2)
  14 plants
  105 spectral weapons
150 creatures vanquished.

Grand Total: 2894 creatures vanquished

Notes
Turn   | Place    | Note
-------+----------+-------------------------------------------
     0 | D:1      | Ladykiller69 the Formicid Skald began the quest for the Orb.
     0 | D:1      | Reached XP level 1. HP: 16/16 MP: 3/3
   144 | D:1      | Reached XP level 2. HP: 23/23 MP: 5/5
   221 | D:1      | Learned a level 2 spell: Shroud of Golubria
   902 | D:2      | Found a basalt altar of Yredelemnul.
   924 | D:2      | Reached XP level 3. HP: 26/28 MP: 6/6
   992 | D:2      | Found a sparkling altar of Nemelex Xobeh.
  1106 | D:2      | Noticed Sigmund
  1456 | D:2      | Reached XP level 4. HP: 35/35 MP: 2/7
  2196 | D:2      | Killed Sigmund
  2196 | D:2      | Reached skill level 5 in Axes
  2196 | D:2      | Reached XP level 5. HP: 37/43 MP: 0/8
  2196 | D:2      | Reached XP level 6. HP: 42/49 MP: 0/9
  2278 | D:2      | Learned a level 3 spell: Spectral Weapon
  2282 | D:2      | Learned a level 3 spell: Regeneration
  2438 | D:3      | Noticed Monsterracer's ghost (amateur KoHu)
  2920 | D:3      | Found a shadowy altar of Dithmenos.
  3087 | D:3      | Killed Monsterracer's ghost
  3087 | D:3      | Reached skill level 5 in Fighting
  3087 | D:3      | Reached XP level 7. HP: 27/56 MP: 5/10
  3126 | D:3      | Learned a level 1 spell: Confusing Touch
  3503 | D:4      | Noticed dscm's ghost (weakling DrWn)
  3511 | D:4      | Killed dscm's ghost
  3714 | D:4      | Reached skill level 1 in Hexes
  4244 | D:4      | Found a glowing silver altar of Zin.
  4279 | D:5      | Entered Level 5 of the Dungeon
  4285 | D:5      | Found an opulent altar of Gozag.
  4326 | D:5      | Reached skill level 1 in Shields
  4326 | D:5      | Reached XP level 8. HP: 54/62 MP: 3/11
  4746 | D:5      | Found a staircase to the Ecumenical Temple.
  4757 | Temple   | Entered the Ecumenical Temple
  4927 | Temple   | Became a worshipper of Cheibriados the Contemplative
  5743 | D:5      | Reached * piety under Cheibriados
  6134 | D:6      | You fall through a shaft!
  6450 | D:6      | Reached skill level 5 in Shields
  6450 | D:6      | Reached XP level 9. HP: 53/68 MP: 5/12
  6517 | D:6      | Got an encrusted flail
  7079 | D:6      | Reached ** piety under Cheibriados
  7230 | D:6      | Found an ancient bone altar of Kikubaaqudgha.
  7825 | D:7      | Got a fine scimitar
  8463 | D:8      | Reached *** piety under Cheibriados
  8568 | D:8      | Found a staircase to the Lair.
  8568 | D:8      | Noticed a komodo dragon
  8604 | D:8      | Found a shattered altar of Ashenzari.
  8649 | D:8      | Reached XP level 10. HP: 65/78 MP: 7/13
  8761 | D:8      | You fall through a shaft for 3 floors!
  8761 | D:11     | Noticed a kobold demonologist
  8786 | D:11     | Killed a kobold demonologist
  8961 | D:11     | Noticed an unseen horror
  9001 | D:11     | Killed an unseen horror
  9001 | D:11     | Reached skill level 10 in Axes
  9392 | D:10     | Entered Level 10 of the Dungeon
  9415 | D:10     | Reached **** piety under Cheibriados
  9561 | D:10     | Noticed Maurice
  9583 | D:10     | Killed Maurice
  9934 | D:9      | Noticed a two-headed ogre
  9940 | D:9      | Killed a two-headed ogre
  9940 | D:9      | Reached XP level 11. HP: 56/85 MP: 10/14
 10340 | D:8      | Reached ***** piety under Cheibriados
 10630 | D:8      | Found a burning altar of Makhleb.
 10748 | D:9      | Found a staircase to the Orcish Mines.
 10919 | D:9      | Noticed Pikel
 10925 | D:9      | Killed Pikel
 12028 | D:11     | Noticed a cyclops
 12039 | D:11     | Found a burning altar of Makhleb.
 12060 | D:11     | Reached skill level 5 in Invocations
 12150 | D:11     | Found a basalt altar of Yredelemnul.
 12152 | D:11     | Found Viptael's Wicked Wares.
 12152 | D:11     | Noticed a cyclops
 12161 | D:11     | Killed a cyclops
 12320 | D:11     | Reached ****** piety under Cheibriados
 12489 | Orc:1    | Entered Level 1 of the Orcish Mines
 12489 | Orc:1    | Found Mumepsef's Antique Armour Shop.
 12497 | Orc:1    | Reached XP level 12. HP: 84/95 MP: 13/16
 12501 | Orc:1    | Noticed an ettin
 12518 | Orc:1    | Killed an ettin
 12706 | Orc:1    | Reached skill level 10 in Fighting
 12722 | Orc:1    | Found Qyssoam's General Store.
 12814 | Orc:1    | Found Bal Lano's Antique Weapon Shoppe.
 12968 | Orc:1    | Found Zoadde's Distillery.
 12976 | Orc:1    | Bought a potion of agility for 60 gold pieces
 13072 | D:9      | Identified the +7 scimitar "Epyhiug" {freeze, rElec} (You found it on level 7 of the Dungeon)
 13073 | D:9      | Identified the +9 flail "Gady" {crush, rPois rN+ Str-2 Int+3} (You found it on level 6 of the Dungeon)
 13140 | Lair:1   | Entered Level 1 of the Lair of Beasts
 13181 | Lair:1   | Noticed LittleStrapony's ghost (journeyman FoFi)
 13191 | Lair:1   | Killed LittleStrapony's ghost
 13343 | Lair:1   | Noticed a five-headed hydra
 13353 | Lair:1   | Killed a five-headed hydra
 14087 | Lair:2   | Found a staircase to the Snake Pit.
 14140 | Lair:2   | Reached XP level 13. HP: 106/106 MP: 16/19
 14211 | Lair:2   | Noticed Prince Ribbit
 14222 | Lair:2   | Killed Prince Ribbit
 14371 | Lair:2   | Found a deep blue altar of Sif Muna.
 14379 | Lair:2   | Noticed a seven-headed hydra
 14388 | Lair:2   | Killed a seven-headed hydra
 15291 | Lair:3   | You fall through a shaft for 2 floors!
 15420 | Lair:4   | Noticed Harold
 15437 | Lair:4   | Killed Harold
 15437 | Lair:4   | Reached skill level 15 in Axes
 15437 | Lair:4   | Reached skill level 10 in Invocations
 16110 | Lair:3   | Reached XP level 14. HP: 91/115 MP: 18/21
 17832 | Lair:6   | Entered Level 6 of the Lair of Beasts
 18112 | Lair:6   | Found a staircase to the Slime Pits.
 18580 | Lair:6   | Reached XP level 15. HP: 99/123 MP: 21/23
 20410 | D:13     | Found a glowing golden altar of the Shining One.
 21251 | D:14     | Found Keosediu's Gadget Shop.
 21298 | D:14     | Reached skill level 5 in Armour
 21326 | D:14     | Found Rinoblea's Distillery.
 21539 | D:14     | Found Guipose's Gadget Boutique.
 21627 | D:14     | You fall through a shaft!
 21627 | D:15     | Entered Level 15 of the Dungeon
 21742 | D:14     | Found Dusywn's Antique Armour Emporium.
 21797 | D:14     | Found an iron altar of Okawaru.
 21945 | D:14     | Reached skill level 1 in Necromancy
 21966 | D:14     | Bought a pitted plate armour for 868 gold pieces
 21978 | D:14     | Identified the +10 plate armour of the Carpenter {Int+2 Dex+4} (You bought it in a shop on level 14 of the Dungeon)
 22072 | D:15     | Noticed Roxanne
 22118 | D:15     | Reached XP level 16. HP: 132/132 MP: 22/25
 22244 | D:15     | Reached skill level 5 in Dodging
 22378 | D:15     | Found a staircase to the Depths.
 22433 | D:15     | Noticed a tengu reaver
 22434 | D:15     | Noticed a fire giant
 22449 | D:15     | Noticed Urug
 22456 | D:15     | Killed Urug
 22464 | D:15     | Killed a fire giant
 22464 | D:15     | Reached skill level 5 in Hexes
 22738 | D:15     | Noticed Azrael
 22742 | D:15     | Killed Azrael
 22755 | D:15     | Killed a tengu reaver
 22924 | D:15     | Noticed Kirke
 22941 | D:15     | Killed Kirke
 22941 | D:15     | Reached skill level 5 in Charms
 23315 | Orc:2    | Entered Level 2 of the Orcish Mines
 23315 | Orc:2    | Found a staircase to the Elven Halls.
 23429 | Orc:2    | Found a frozen archway.
 23465 | IceCv    | Entered an ice cave
 23626 | IceCv    | Noticed a frost giant
 23642 | IceCv    | Killed a frost giant
 23960 | Orc:2    | Found Poit's Armour Shoppe.
 24063 | Orc:2    | Reached XP level 17. HP: 118/139 MP: 26/26
 24230 | Orc:2    | Found Weommyge's General Store.
 24233 | Orc:2    | Found Ocow's Book Shop.
 24235 | Orc:2    | Found Caxum's Antique Armour Boutique.
 24235 | Orc:2    | Found Fiqugila's Antique Weapon Boutique.
 24445 | Orc:2    | Found a roughly hewn altar of Beogh.
 24757 | Orc:2    | Bought a shimmering plate armour for 896 gold pieces
 24769 | Orc:2    | Identified the +7 plate armour "Xozy" {*Drain rC+ Regen+ Str+8} (You bought it in a shop on level 2 of the Orcish Mines)
 25090 | Lair:2   | Found a staircase to the Swamp.
 25102 | Swamp:1  | Entered Level 1 of the Swamp
 25142 | Swamp:1  | Noticed a thorn hunter
 25149 | Swamp:1  | Killed a thorn hunter
 26190 | Swamp:2  | Reached skill level 5 in Necromancy
 26612 | Swamp:3  | Noticed a thorn hunter
 26619 | Swamp:3  | Killed a thorn hunter
 26619 | Swamp:3  | Reached skill level 5 in Spellcasting
 26962 | Swamp:4  | Entered Level 4 of the Swamp
 27041 | Swamp:4  | Reached XP level 18. HP: 100/147 MP: 23/27
 27440 | Swamp:4  | Noticed the 27-headed Lernaean hydra
 27780 | Swamp:4  | Killed the 27-headed Lernaean hydra
 28028 | Swamp:4  | Got a decaying rune of Zot
 28396 | Snake:1  | Entered Level 1 of the Snake Pit
 28839 | Snake:1  | Reached skill level 1 in Translocations
 28864 | Snake:1  | Reached skill level 1 in Crossbows
 28934 | Snake:1  | Noticed Aizul
 28948 | Snake:1  | Killed Aizul
 29489 | Snake:2  | Reached skill level 15 in Fighting
 29581 | Snake:2  | Reached skill level 10 in Shields
 29757 | Snake:2  | Reached XP level 19. HP: 148/155 MP: 28/28
 29808 | Snake:2  | Found Begreax's Weapon Emporium.
 29851 | Snake:2  | Learned a level 4 spell: Passage of Golubria
 30127 | Snake:3  | Found Taceugh's General Store.
 30878 | Snake:4  | Entered Level 4 of the Snake Pit
 31057 | Snake:4  | Found a runed door.
 31057 | Snake:4  | Noticed Bai Suzhen
 31086 | Snake:4  | Killed Bai Suzhen
 31090 | Snake:4  | Reached skill level 10 in Armour
 31395 | Snake:4  | Reached skill level 5 in Crossbows
 31411 | Snake:4  | Reached XP level 20. HP: 83/163 MP: 8/29
 31636 | Snake:4  | Reached skill level 5 in Translocations
 31672 | Snake:4  | Got a serpentine rune of Zot
 31816 | Snake:4  | Noticed Louise
 31828 | Snake:4  | Killed Louise
 32494 | Elf:1    | Entered Level 1 of the Elven Halls
 32799 | Elf:1    | Found Naupoyt's Needful Niceties.
 32962 | Elf:1    | Noticed Donald
 32989 | Elf:1    | Killed Donald
 33114 | Elf:1    | Reached XP level 21. HP: 171/171 MP: 30/30
 33166 | Elf:1    | Noticed Frances
 33172 | Elf:1    | Killed Frances
 33361 | Elf:1    | Identified the Handbook of Supportive Arcane Weapons
 33644 | Elf:2    | Found Nienkosch's General Store.
 33756 | Elf:2    | Found Cividghia's Food Boutique.
 33757 | Elf:2    | Found Sizehuz's Weapon Shop.
 33850 | Elf:2    | Found a runed gate.
 33850 | Elf:2    | Found a runed gate.
 33851 | Elf:2    | Found a runed gate.
 34582 | Elf:3    | Entered Level 3 of the Elven Halls
 34903 | Elf:3    | HP: 4/172 [deep elf knight/arrow (8)]
 35068 | Elf:3    | Cast into level 2 of the Abyss (a deep elf sorcerer)
 35085 | Abyss:2  | Found a corrupted altar of Lugonu.
 35305 | Abyss:2  | Noticed a bone dragon
 35315 | Abyss:2  | Killed a bone dragon
 35315 | Abyss:2  | Reached skill level 1 in Evocations
 35457 | Abyss:2  | Reached XP level 22. HP: 169/180 MP: 27/31
 35722 | Elf:3    | Escaped the Abyss
 35868 | Elf:3    | Identified the amulet of Meagh {Harm *Drain rElec Int+3} (You took it off a deep elf high priest on level 3 of the Elven Halls)
 36015 | Elf:3    | Identified the Guide on the Compass and Fire
 36087 | Elf:3    | Reached skill level 10 in Crossbows
 36221 | Elf:3    | Reached skill level 10 in Dodging
 36251 | Elf:3    | Got a brightly glowing copper ring
 36496 | Elf:3    | Noticed Mara
 36529 | Elf:3    | Killed Mara
 36710 | Elf:3    | Got a pair of heavily runed gloves
 36716 | Elf:3    | Identified the +2 pair of gloves of the Many Souls {*Contam +Fly rF+ Stlth+} (You found it on level 3 of the Elven Halls)
 36915 | Elf:3    | Identified the ring of Peahago {*Tele +Fly rC- Dex+4} (You took it off a deep elf sorcerer on level 3 of the Elven Halls)
 37480 | D:13     | Found a gate to the Vaults.
 37535 | Vaults:1 | Entered Level 1 of the Vaults
 37852 | Vaults:1 | Reached XP level 23. HP: 181/187 MP: 32/32
 37895 | Vaults:1 | Reached skill level 15 in Shields
 38181 | Vaults:1 | Reached skill level 5 in Evocations
 38413 | Vaults:1 | Found a roughly hewn altar of Beogh.
 38864 | Vaults:2 | Found a staircase to the Crypt.
 39316 | Vaults:2 | Noticed Mesmaeker13's ghost (adept SpAs)
 39326 | Vaults:2 | Killed Mesmaeker13's ghost
 40391 | Vaults:3 | Reached XP level 24. HP: 197/197 MP: 34/34
 41438 | Vaults:4 | Noticed manyhoops's ghost (adept MiBe)
 41456 | Vaults:4 | Killed manyhoops's ghost
 42411 | Vaults:5 | Entered Level 5 of the Vaults
 42420 | Vaults:5 | Noticed an ancient lich
 42436 | Vaults:5 | Killed an ancient lich
 42436 | Vaults:5 | Reached XP level 25. HP: 198/204 MP: 33/36
 42590 | Vaults:5 | Got a brightly glowing lead ring
 42592 | Vaults:5 | Identified the ring of Toycagost {rPois rF- rC- rN+++ Dex+5} (You took it off a vault warden on level 5 of the Vaults)
 42795 | Vaults:5 | Reached skill level 10 in Spellcasting
 42915 | Vaults:5 | Identified a scroll of acquirement
 42964 | Vaults:5 | Noticed Frederick
 42967 | Vaults:5 | Reached skill level 15 in Crossbows
 42981 | Vaults:5 | Killed Frederick
 42981 | Vaults:5 | Reached skill level 10 in Evocations
 42984 | Vaults:5 | Reached XP level 26. HP: 204/213 MP: 34/37
 43039 | Vaults:5 | Got a smoking jade amulet
 43041 | Vaults:5 | Identified the amulet of Xossot {RegenMP MP+9 Str+4 Int-4} (You took it off a vault warden on level 5 of the Vaults)
 43736 | Vaults:5 | Got a wavering tin amulet
 43738 | Vaults:5 | Identified the amulet "Dautov" {Inacc rElec Str-4 Int+6} (You found it on level 5 of the Vaults)
 43742 | Vaults:5 | Got a silver rune of Zot
 44311 | Crypt:1  | Entered Level 1 of the Crypt
 44602 | Vaults:5 | Learned a level 3 spell: Portal Projectile
 44715 | Vaults:3 | Reached skill level 15 in Armour
 46341 | Crypt:3  | Entered Level 3 of the Crypt
 46427 | Crypt:3  | Reached XP level 27. HP: 222/222 MP: 35/38
 47320 | Crypt:3  | Noticed Jory
 47329 | Crypt:3  | Killed Jory
 47660 | Crypt:3  | Found a staircase to the Tomb.
 47976 | Depths:1 | Entered Level 1 of the Depths
 48013 | Depths:1 | Found a gateway to Hell.
 48035 | Depths:1 | Learned a level 4 spell: Control Undead
 48112 | Depths:1 | Found a magical portal.
 48133 | WizLab   | Entered The Hall of the Hellbinder
 48578 | WizLab   | Found a burning altar of Makhleb.
 48617 | WizLab   | Learned a level 1 spell: Apportation
 48638 | WizLab   | Identified the Handbook of Creation
 48642 | WizLab   | Identified the Collected Works on Summoning
 48646 | WizLab   | Got a clouded brass ring
 48648 | WizLab   | Identified the ring of Benevolence {Fire Int-5 Slay+3 Stlth+} (You found it in a wizard's laboratory)
 48931 | Depths:1 | Reached skill level 10 in Necromancy
 50608 | Depths:2 | Found a one-way gate to the infinite horrors of the Abyss.
 50724 | Depths:3 | Found a one-way gate leading to the halls of Pandemonium.
 51005 | Depths:3 | Found a runed door.
 51070 | Depths:3 | Identified the Papyrus of the Nocuous Compass
 52093 | Depths:4 | Found a portal to a secret trove of treasure.
 52226 | Depths:4 | Found a gateway to a ziggurat.
 52343 | Depths:4 | Cast into level 2 of the Abyss (hell knight)
 52459 | Depths:4 | Escaped the Abyss
 52870 | Depths:4 | HP: 10/224 [ettin/dire flail of protection (31)]
 53655 | Depths:4 | Found a glowing golden altar of the Shining One.
 53909 | Depths:4 | Reached skill level 10 in Charms
 53967 | Depths:5 | Entered Level 5 of the Depths
 54549 | Depths:5 | Noticed Jorgrun
 54558 | Depths:5 | Killed from afar by Jorgrun

Skill      XL: |  1  2  3  4  5  6  7  8  9 10 11 12 13 14 15 16 17 18 19 20 21 22 23 24 25 26 27 |
---------------+----------------------------------------------------------------------------------+-----
Dodging        | 2 3 4 5 6 7 8 9 10 11 12 14 | 14.8
Axes           | 3 5 6 7 9 11 12 13 15 16 17 18 19 20 | 20.0
Fighting       | 3 4 5 6 7 8 9 11 12 13 14 15 16 17 18 19 20 | 20.5
Hexes          | 1 3 7 |  7.6
Shields        | 1 5 7 9 10 11 12 13 14 15 | 15.0
Invocations    | 2 5 8 10 11 13 | 13.0
Armour         | 3 5 6 8 9 10 11 12 13 14 15 17 | 17.2
Necromancy     | 1 3 5 6 7 13 | 13.8
Charms         | 5 6 10 | 10.3
Spellcasting   | 3 5 6 7 9 10 11 | 11.0
Translocations | 2 4 5 6 7 8 |  8.1
Crossbows      | 2 5 7 9 10 12 13 15 16 19 | 19.0
Evocations     | 1 4 7 8 10 11 14 | 14.2

Action                   |  1- 3 |  4- 6 |  7- 9 | 10-12 | 13-15 | 16-18 | 19-21 | 22-24 | 25-27 || total
-------------------------+-------+-------+-------+-------+-------+-------+-------+-------+-------++-------
Melee: Hand axe          |   102 |   126 |   426 |       |       |       |       |       |       ||   654
       War axe           |       |       |    91 |   186 |       |       |       |       |       ||   277
       Unarmed           |       |       |       |     2 |       |       |       |       |       ||     2
       Battleaxe         |       |       |       |   251 |   692 |   982 |  1048 |  1112 |  1816 ||  5901
       Whip              |       |       |       |     4 |    39 |   130 |     3 |       |       ||   176
 Fire: Shortbow          |       |       |    15 |    38 |     4 |       |       |       |       ||    57
       Triple crossbow   |       |       |       |       |       |     3 |    73 |   136 |   488 ||   700
       Arbalest          |       |       |       |       |       |     2 |       |       |       ||     2
 Cast: Infusion          |    10 |    14 |    40 |    15 |     5 |     1 |       |       |       ||    85
       Shroud of Golubri |       |     1 |     1 |     6 |    19 |     4 |     9 |     6 |    11 ||    57
       Spectral Weapon   |       |       |       |    33 |    93 |    89 |    45 |    49 |    69 ||   378
       Regeneration      |       |       |       |     1 |     5 |    20 |    60 |    17 |    29 ||   132
       Confusing Touch   |       |       |       |       |       |     1 |       |       |       ||     1
       Portal Projectile |       |       |       |       |       |       |       |       |    20 ||    20
Invok: Step From Time    |       |       |       |       |     2 |     5 |     4 |       |     2 ||    13
       Bend Time         |       |       |       |       |     1 |     1 |     5 |       |     1 ||     8
       Temporal Distorti |       |       |       |       |       |     7 |     2 |     1 |     1 ||    11
       Slouch            |       |       |       |       |       |     1 |       |       |       ||     1
 Abil: Dig               |     1 |     2 |     6 |     8 |     4 |    19 |    31 |     5 |     2 ||    78
       Shaft Self        |       |       |     1 |     1 |     1 |       |       |       |       ||     3
       Evoke Flight      |       |       |       |       |       |       |       |       |     1 ||     1
Evoke: Wand              |       |       |       |     3 |       |       |       |       |       ||     3
  Use: Potion            |     1 |       |       |     2 |       |     2 |     1 |       |       ||     6
       Scroll            |       |       |     4 |     5 |    12 |     6 |     4 |     9 |    22 ||    62
 Stab: Distracted        |       |       |       |     2 |    11 |    12 |    10 |    10 |    25 ||    70
       Sleeping          |       |       |       |     1 |     4 |       |       |       |       ||     5
  Eat: Chunk             |     2 |     6 |    14 |    13 |    28 |    13 |     7 |    15 |    16 ||   114
       Royal jelly       |       |       |     1 |     1 |       |     7 |     6 |     5 |    13 ||    33
Armor: Leather armour    |     6 |       |       |       |       |       |       |       |       ||     6
       Scale mail        |    33 |    54 |   137 |    32 |       |       |       |       |       ||   256
       Troll leather arm |       |       |       |    40 |   110 |       |       |       |       ||   150
       Plate armour      |       |       |       |       |    12 |   534 |   254 |   229 |   407 ||  1436
       Gold dragon scale |       |       |       |       |       |       |       |       |    95 ||    95
Dodge: Dodged            |    70 |    62 |   166 |   167 |   294 |   505 |   399 |   352 |   816 ||  2831
Block: Shield            |       |       |   129 |   313 |   525 |   890 |   808 |   102 |       ||  2767
       Large shield      |       |       |       |       |       |       |       |  1030 |  2197 ||  3227
